 Dungeon Crawl Stone Soup version 0.31-a0-1291-g5386780bc2 (webtiles) character file.

Game seed: 15054509574363462263

3293644 Amplified the Acrobat (level 27, 271/271 HPs)
             Began as a Minotaur Shapeshifter on Dec 18, 2023.
             Was the Champion of Ashenzari.
             Escaped with the Orb
             ... and 5 runes!
             The game lasted 02:26:06 (67857 turns).

Amplified the Acrobat (Minotaur Shapeshifter)      Turns: 67857, Time: 02:26:07

Health: 271/271    AC: 28    Str: 29    XL:     27
Magic:  48/48      EV: 21    Int: 13    God:    Ashenzari [******]
Gold:   4326       SH: 13    Dex: 10    Spells: 30/71 levels left

rFire   + + +        y - +9 eveningstar "Fallacy of Ashenzari" {heavy, Comp, Dev} (curse)
rCold   + . .        L - +1 kite shield of the Eye in the Sky {rElec rCorr, Elem, Bglg} (curse)
rNeg    + + +        J - +4 chain mail "Astrological Anxiety" {rPois rN++ Will+ Dex-2, Dev, Elem} (curse)
rPois   +            Y - +2 hat of the Cursed God {Will+, Comp, Self} (curse)
rElec   +            G - scarf "Bound With Me" {rC+ rF+, Comp, Cun} (curse)
rCorr   +            N - +1 pair of gloves "Perceptive Trepidation" {Will+ Str+4, Self, Dev} (curse)
SInv    +            z - +2 pair of slick slippers {slick, slippery, EV+4, Elem, Melee} (curse)
Will    +++++        B - amulet "Bound Soothsayer" {Regen+ Int+4, Alch, Elem} (curse) Stlth
                     a - ring of the Eternal Seer {rF+, Self, Range} (curse)
HPRegen 2.25/turn    E - ring "Inaction of Ashenzari" {rElec rF+ rN+ SInv, Cun, Elem} (curse)
MPRegen 0.31/turn

%: clarity
@: no status effects
A: horns 2, retaliatory headbutt, iridescent scales 1, camouflage 1,
strong-willed 1, mutation resistance 1, sense surroundings 1, regeneration 1,
weak 2, subdued magic 1
0: Orb of Zot
}: 5/15 runes: decaying, slimy, silver, abyssal, gossamer
a: Renounce Religion, Shatter the Chains


You escaped.
You worshipped Ashenzari.
Ashenzari was exalted by your worship.
You visited 11 branches of the dungeon, and saw 55 of its levels.
You visited the Abyss 2 times.
You visited 1 bazaar.
You visited 1 ziggurat, and saw 5 of its levels.
You also visited: Ossuary, Ice Cave and Wizlab.

You collected 12197 gold pieces.
You spent 7871 gold pieces at shops.

Inventory:

Hand Weapons
 y - the cursed +9 eveningstar "Fallacy of Ashenzari" (weapon) {heavy, Comp, Dev}
   (You bought it in a shop on level 12 of the Dungeon)

   It has a curse which improves the following skills: Companions: Summonings
   and Necromancy.
   Devices:   Evocations and Shapeshifting.
Missiles
 h - 6 throwing nets (quivered)
 p - 12 curare-tipped darts
Armour
 b - the crystal ball of Wucad Mu {*channel}
   (You found it in a wizard's laboratory)

   *Channel:  It often returns the magic spent to cast spells, but lowers their
   success rate.
   It always returns the magic spent on miscasts.
 z - the cursed +2 pair of slick slippers (worn) {slick, slippery, EV+4, Elem, Melee}
   (You acquired it on level 13 of the Dungeon)

   Slick:     Its wearer cannot be constricted, engulfed, netted or webbed.
   Slippery:  Its wearer slips away from damaging melee attacks, pulling the
   attacker onward.
   EV+4:      It affects your evasion (+4).
   It has a curse which improves the following skills: Elements: Fire Magic, Ice
   Magic, Air Magic and Earth Magic.
   Melee Combat: Short Blades, Long Blades, Axes, Maces & Flails, Polearms,
   Staves and Unarmed Combat.
 G - the cursed scarf "Bound With Me" (worn) {rC+ rF+, Comp, Cun}
   (You found it on level 3 of the Elven Halls)

   It has a curse which improves the following skills: Companions: Summonings
   and Necromancy.
   Cunning:   Dodging and Stealth.
 J - the cursed +4 chain mail "Astrological Anxiety" (worn) {rPois rN++ Will+ Dex-2, Dev, Elem}
   (You found it on level 1 of the Lair of Beasts)

   Dex-2:     It affects your dexterity (-2).
   rPois:     It protects you from poison rN++: It greatly protects you from
   negative energy.
   Will+:     It increases your willpower.
   It has a curse which improves the following skills: Devices: Evocations and
   Shapeshifting.
   Elements:  Fire Magic, Ice Magic, Air Magic and Earth Magic.
 L - the cursed +1 kite shield of the Eye in the Sky (worn) {rElec rCorr, Elem, Bglg}
   (You took it off Asterion on level 2 of the Depths)

   rElec:     It insulates you from electricity.
   rCorr:     It protects you from acid and corrosion.
   It has a curse which improves the following skills: Elements: Fire Magic, Ice
   Magic, Air Magic and Earth Magic.
   Beguiling: Conjurations, Hexes and Translocations.
 N - the cursed +1 pair of gloves "Perceptive Trepidation" (worn) {Will+ Str+4, Self, Dev}
   (You found it on level 4 of the Vaults)

   Str+4:     It affects your strength (+4).
   Will+:     It increases your willpower.
   It has a curse which improves the following skills: Introspection: Fighting
   and Spellcasting.
   Devices:   Evocations and Shapeshifting.
 Y - the cursed +2 hat of the Cursed God (worn) {Will+, Comp, Self}
   (You found it on level 4 of the Spider Nest)

   It has a curse which improves the following skills: Companions: Summonings
   and Necromancy.
   Introspection: Fighting and Spellcasting.
Jewellery
 a - the cursed ring of the Eternal Seer (left hand) {rF+, Self, Range}
   (You found it on level 4 of the Dungeon)

   [ring of protection from fire]

   rF+:       It protects you from fire.
   It has a curse which improves the following skills: Introspection: Fighting
   and Spellcasting.
   Ranged Combat: Ranged Weapons and Throwing.
 B - the cursed amulet "Bound Soothsayer" (around neck) {Regen+ Int+4, Alch, Elem}
   (You bought it in a shop on level 2 of the Orcish Mines)

   [amulet of regeneration]

   Int+4:     It affects your intelligence (+4).
   Regen+:    It increases your rate of health regeneration.
   It has a curse which improves the following skills: Alchemy: Poison Magic and
   Transmutations.
   Elements:  Fire Magic, Ice Magic, Air Magic and Earth Magic.
 E - the cursed ring "Inaction of Ashenzari" (right hand) {rElec rF+ rN+ SInv, Cun, Elem}
   (You found it on level 5 of the Vaults)

   [ring of protection from fire]

   rF+:       It protects you from fire.
   rElec:     It insulates you from electricity.
   rN+:       It protects you from negative energy.
   SInv:      It lets you see invisible.
   It has a curse which improves the following skills: Cunning: Dodging and
   Stealth.
   Elements:  Fire Magic, Ice Magic, Air Magic and Earth Magic.
 X - the ring of Pyechonk {rN+ Str+5}
   (You found it on level 3 of the Elven Halls)

   [ring of positive energy]

   Str+5:     It affects your strength (+5).
   rN+:       It protects you from negative energy.
Wands
 f - a wand of mindburst (14)
 A - a wand of polymorph (35)
 D - a wand of digging (12)
 K - a wand of paralysis (88)
 M - a wand of iceblast (69)
 P - a wand of quicksilver (38)
 V - a wand of flame (71)
Scrolls
 g - 17 scrolls of teleportation
 i - 2 scrolls of butterflies
 j - 17 scrolls of immolation
 k - a scroll of acquirement
 l - 3 scrolls of silence
 q - 4 scrolls of fear
 r - 6 scrolls of revelation
 s - 3 scrolls of fog
 t - 12 scrolls of amnesia
 C - 2 scrolls of torment
 H - 11 scrolls of enchant armour
 I - 7 scrolls of enchant weapon
 O - 2 scrolls of brand weapon
 W - 5 scrolls of poison
Potions
 c - 14 potions of brilliance
 d - 24 potions of curing
 e - 5 potions of heal wounds
 m - 7 potions of enlightenment
 o - 3 potions of resistance
 u - 5 potions of attraction
 v - 6 potions of ambrosia
 w - 3 potions of haste
 x - a potion of might
 F - 12 potions of lignification
 Q - 2 potions of mutation
 S - 4 potions of magic
 Z - 5 potions of cancellation
Miscellaneous
 n - a tin of tremorstones (1/2)
 T - a phial of floods
 U - a lightning rod (4/4)


   Skills:
 - Level 22.5(26.8) Fighting
 - Level 13.9(16.3) Maces & Flails
 * Level 21.9 Armour
 - Level 22.8(25.9) Dodging
 - Level 15.4 Shields
 - Level 3.2(5.4) Unarmed Combat
 * Level 18.3(22.8) Spellcasting
 * Level 8.1(10.6) Conjurations
 - Level 4.5(6.9) Hexes
 - Level 10.4(15.1) Summonings
 - Level 6.1(10.7) Necromancy
 - Level 11.6(14.0) Translocations
 * Level 8.0(14.5) Ice Magic
 * Level 10.3(16.8) Air Magic
 - Level 8.5(13.2) Evocations
 - Level 2.4(6.0) Shapeshifting


You had 30 spell levels left.
You knew the following spells:

 Your Spells              Type           Power      Damage    Failure   Level
a - Lesser Beckoning      Tloc           78%        N/A       1%          2
b - Apportation           Tloc           78%        N/A       0%          1
c - Dispel Undead         Necr           32%        3d14      1%          4
d - Airstrike             Air            22%        2d(4-20)  1%          4
e - Summon Forest         Summ/Tloc      20%        N/A       1%          5
f - Frozen Ramparts       Ice            80%        1d13      1%          3
g - Freezing Cloud        Conj/Ice/Air   19%        6-21      1%          5
h - Passwall              Tmut/Erth      10%        N/A       9%          2
i - Silence               Hex/Air        17%        N/A       1%          5
j - Metabolic Englaciati  Hex/Ice        16%        N/A       2%          5
k - Summon Mana Viper     Hex/Summ       33%        N/A       1%          5

Your spell library contained the following spells:

 Spells                   Type           Power      Damage    Failure   Level
 Freeze                   Ice            100%       1d10      0%          1
 Shock                    Conj/Air       100%       1d9       0%          1
 Summon Small Mammal      Summ           100%       N/A       0%          1
 Call Imp                 Summ           82%        N/A       0%          2
 Swiftness                Air            45%        N/A       0%          3
 Foxfire                  Conj/Fire      92%        2x1d8     1%          1
 Kiss of Death            Conj/Necr      100%       2d13      1%          1
 Magic Dart               Conj           100%       1d8       1%          1
 Necrotise                Necr           100%       1d9       1%          1
 Slow                     Hex            100%       N/A       1%          1
 Cigotuvi's Dreadful Rot  Necr/Pois/Air  60%        N/A       1%          2
 Ensorcelled Hibernation  Hex/Ice        64%        N/A       1%          2
 Jinxbite                 Hex            50%        N/A       1%          2
 Poisonous Vapours        Pois/Air       56%        N/A       1%          2
 Searing Ray              Conj           64%        2d6       1%          2
 Call Canine Familiar     Summ           41%        N/A       1%          3
 Confusing Touch          Hex            25%        N/A       1%          3
 Dazzling Flash           Conj/Hex       56%        N/A       1%          3
 Gell's Gravitas          Tloc           39%        N/A       1%          3
 Ozocubu's Armour         Ice            40%        N/A       1%          3
 Sigil of Binding         Hex            25%        N/A       1%          3
 Stone Arrow              Conj/Erth      46%        3d9       1%          3
 Summon Guardian Golem    Hex/Summ       33%        N/A       1%          3
 Teleport Other           Tloc           39%        N/A       1%          3
 Tukima's Dance           Hex            25%        N/A       1%          3
 Vampiric Draining        Necr           32%        2d8       1%          3
 Volatile Blastmotes      Fire/Tloc      52%        2d14      1%          3
 Anguish                  Hex/Necr       14%        N/A       1%          4
 Animate Dead             Necr           32%        N/A       1%          4
 Dimensional Bullseye     Hex/Tloc       16%        N/A       1%          4
 Fulminant Prism          Conj/Hex       14%        3d8       1%          4
 Iskenderun's Mystic Bla  Conj/Tloc      36%        2d9       1%          4
 Passage of Golubria      Tloc           39%        N/A       1%          4
 Vhi's Electric Charge    Tloc/Air       84%        N/A       1%          4
 Animate Armour           Summ/Erth      54%        N/A       2%          4
 Iskenderun's Battlesphe  Conj           32%        2d8       2%          5
 Dispersal                Tloc           19%        N/A       3%          6
 Sandblast                Erth           26%        2d8       4%          1
 Inner Flame              Hex/Fire       19%        N/A       4%          3
 Cause Fear               Hex            12%        N/A       4%          4
 Sting                    Tmut/Pois      48%        1d5       7%          1
 Brom's Barrelling Bould  Conj/Erth      23%        2d4       7%          4
 Sticky Flame             Conj/Fire      23%        2d4       7%          4
 Scorch                   Fire           26%        2d6       8%          2
 Summon Hydra             Summ           20%        N/A       13%         7
 Death Channel            Necr           16%        N/A       14%         6
 Malign Gateway           Summ/Tloc      20%        N/A       17%         7
 Ignite Poison            Fire/Tmut/Pois 12%        N/A       19%         3
 Borgnjor's Vile Clutch   Necr/Erth      11%        N/A       19%         5
 Fireball                 Conj/Fire      11%        3d7       21%         5
 Haunt                    Necr/Summ      18%        N/A       32%         7
 Spellforged Servitor     Conj/Summ      18%        N/A       32%         7
 Yara's Violent Unravell  Hex/Tmut       9%         3d6       47%         5
 Maxwell's Capacitive Co  Air            22%        ∞         47%         8
 Leda's Liquefaction      Tmut/Erth      6%         N/A       52%         4
 Petrify                  Tmut/Erth      12%        N/A       52%         4
 Olgreb's Toxic Radiance  Pois           12%        N/A       58%         4
 Orb of Destruction       Conj           16%        9d7       65%         7
 Summon Horrible Things   Summ           20%        N/A       73%         8
 Bombard                  Conj/Erth      11%        9d3       75%         6
 Starburst                Conj/Fire      11%        6d5       75%         6
 Lee's Rapid Deconstruct  Erth           6%         3d6*      83%         5
 Alistair's Intoxication  Tmut/Pois      8%         N/A       90%         5
 Enfeeble                 Hex            12%        N/A       99%         7
 Eringya's Noxious Bog    Tmut/Pois      6%         4d6       100%        6
 Borgnjor's Revivificati  Necr           16%        N/A       100%        8
 Ignition                 Fire           6%         3d4       100%        8
 Infestation              Necr           16%        N/A       100%        8
 Lehudib's Crystal Spear  Conj/Erth      11%        10d4      100%        8
 Chain Lightning          Conj/Air       19%        3d25      100%        9
 Death's Door             Necr           16%        N/A       100%        9
 Fire Storm               Conj/Fire      11%        8d3       100%        9
 Shatter                  Erth           6%         3d9*      100%        9


Dungeon Overview and Level Annotations

Branches:
Dungeon (15/15)            Temple (0/1) D:7            Lair (5/5) D:8
  Swamp (4/4) Lair:2       Spider (4/4) Lair:3        Slime (5/5) Lair:4
    Orc (2/2) D:9             Elf (3/3) Orc:2        Vaults (5/5) D:14
  Crypt (3/3) Vaults:3       Tomb (0/3) Crypt:3      Depths (4/4) D:15
    Zot (5/5) Depths:4    Ossuary (visited)           IceCv (visited)
 WizLab (visited)

Altars:
Ashenzari
Cheibriados
Dithmenos
Fedhas
Gozag
Hepliaklqana
Kikubaaqudgha
Makhleb
Nemelex Xobeh
Sif Muna
Trog
Vehumet
Xom
Yredelemnul
The Shining One
Jiyva
Lugonu

Shops:
D:12 **   Orc:1 (   Orc:2 (?=[   Elf:3 **!*(   Vaults:5 !?

Portals:
Hell: Depths:1 Depths:2 Depths:3 Depths:4
Abyss: Depths:2 Depths:3
Pandemonium: Depths:1 Depths:2

Annotations:
D:6 3 runed translucent doors, Bnni's ghost, novice SpHu
D:13 3 runed translucent doors, Heedrag's ghost, journeyman GrEE
D:14 3 runed translucent doors, Kous's ghost, journeyman DsMo
Lair:1 exclusion: oklob plant
Swamp:3 1 runed translucent door, kal9871's ghost, adept FoFi
Depths:1 Out in five.
Depths:4 6 runed translucent doors
Zot:1 3 transporters


Innate Abilities, Weirdness & Mutations

You have a pair of horns on your head.
You reflexively headbutt those who attack you in melee.
You are partially covered in iridescent scales. (AC +2)
Your skin changes colour to match your surroundings (Stealth+).
You are strong-willed. (Will+)
You are somewhat resistant to further mutation.
You passively map a small area around you.
Your natural rate of healing is unusually fast.
You are very weak. (Str -4)
Your spells are a little easier to cast, but a little less powerful.


Message History

You climb upwards.
There is a stone staircase leading down here.
You feel yourself slow down.
A red devil comes into view. It is wielding a +0 trident.
The red devil attacks as it pursues you!
You block the red devil's attack.
There is a stone staircase leading up here.
You block the red devil's attack.
You climb upwards.
There is a stone staircase leading down here.
Unknown command.
As you read the scroll of teleportation, it crumbles to dust.
You feel strangely unstable.
You feel the Orb delaying your translocation!
You start waiting.
Your surroundings suddenly seem different.
Aiming: Dig
Press: ? - help, Shift-Dir - straight line A rock wall.
This square is covered in magical glow.
The rock shatters into small pieces.
Unknown command.
Aiming: Dig
Press: ? - help, Shift-Dir - straight line You can't see that place.
The rock shatters into small pieces.
Unknown command.
Aiming: Dig
Press: ? - help, Shift-Dir - straight line A rock wall.
This square is covered in magical glow.
The rock shatters into small pieces.
Aiming: Dig
Press: ? - help, Shift-Dir - straight line You can't see that place. [a staircase leading out of the dungeon.]
The rock shatters into small pieces.
Unknown command.
There is a staircase leading out of the dungeon here.
You have escaped!

...##.....# ###.......####.##.# #
...##.....###..#######..#.###.# #
'####....(##.####....###.## #.# #
.# ##.....#.###..####...#.###.# #
.###.'#####.##.###..##..##.##.# #
'##..#.# #.##.## ###..##.#.#'.# #
.....#.# #....## #...##.##.#.###
.....#.###.##..####.##.#.##.#....
.....##.###.###.@##..#.##.#.####.
....####.###..###...##.##.#.##...
....# ##..###....#.#.###.#.##.##
....####'##..######..###.##.#..##
....#.....###.......###.####'.##
....#.......#######....## ####
....#.....##........####
..........##########.#####
....####### #...........#


There were no monsters in sight!

Vanquished Creatures
  the Royal Jelly (Slime:5)
  A dread lich (Vaults:5)
  5 ancient liches
  An orb of fire (Zot:5)
  Sojobo (Crypt:2)
  2 juggernauts
  Bai Suzhen (Vaults:3)
  Saint Roka (Vaults:4)
  5 Killer Klowns (Zot:5)
  Boris (twice) (Depths:4 Vaults:5)
  2 pandemonium lords
  5 caustic shrikes (Depths:4)
  2 curse toes
  8 golden dragons
  Arachne (Spider:4)
  2 Brimstone Fiends
  Rupert (D:15)
  9 liches
  2 shard shrike skeletons (Crypt:3)
  A Hell Sentinel (Depths:4)
  16 tentacled monstrosities
  23 Orb Guardians
  Mlioglotl (Spider:3)
  5 titans (Vaults:5)
  Asterion (Depths:2)
  2 deep elf master archers (Elf:3)
  3 quicksilver dragons
  2 deep elf blademasters
  8 sphinxes
  23 acid blobs
  A walking divine tome (Depths:4)
  3 thorn hunters
  3 death cobs
  4 tentacled starspawn (Abyss:5)
  4 Executioners
  2 ancient champions
  6 shadow dragons
  Donald (Slime:3)
  13 storm dragons
  Kirke (D:14)
  14 rockslimes
  11 tengu reavers
  5 revenants
  8 fire giants
  8 protean progenitors
  6 draconian knights
  6 draconian monks
  3 nagarajas
  Roxanne (Spider:4)
  8 azure jellies
  3 draconian scorchers
  3 draconian shifters
  11 frost giants
  The ghost of Pewaar the Covert, a journeyman DsNe of Jiyva (Depths:4)
  3 iron dragons (Depths:3)
  8 ghost moths
  Louise (Elf:2)
  3 balrugs
  3 deep elf sorcerers (Crypt:2)
  A caustic shrike zombie (Crypt:2)
  4 curse skulls
  17 vault wardens
  12 deep elf elementalists
  21 very ugly things
  4 emperor scorpions (Spider:4)
  14 ghouls
  5 draconian stormcallers
  2 reapers
  17 ironbound preservers
  2 cacodemons
  13 quicksilver oozes
  A demonspawn corrupter (D:4)
  3 war gargoyles
  2 juggernaut skeletons
  2 broodmothers (Spider:3)
  8 formless jellyfish
  12 stone giants
  7 draconian annihilators
  8 deep elf death magi
  10 vampire knights
  8 ironbound thunderhulks
  A rockslime zombie (Crypt:2)
  6 black draconians
  10 deep elf annihilators
  2 minotaurs (Zot:1)
  4 spark wasps
  11 red draconians
  12 yellow draconians
  6 bunyips
  10 deep elf demonologists
  15 green draconians
  3 eleionomae
  9 purple draconians
  14 white draconians
  13 dire elephants
  2 orange crystal statues
  Snorg (D:10)
  2 blizzard demons (Depths:2)
  5 eidola
  A crystal guardian (Vaults:1)
  A spectral quicksilver dragon (Crypt:3)
  Josephine (D:12)
  2 green deaths (Depths:2)
  A shambling mangrove (Swamp:3)
  11 yaktaur captains
  7 deep elf high priests
  26 ettins
  2 entropy weavers
  2 spriggan zombies
  7 fire dragons
  22 hydras
  2 spectral spriggans (Crypt:3)
  45 vault guards
  A caustic shrike simulacrum (Crypt:3)
  17 jiangshi
  13 great orbs of eyes
  4 rakshasas
  A salamander tyrant (Zig:4)
  5 peacekeepers
  Harold (D:10)
  7 ice dragons
  4 spriggan air magi
  An ogre mage (Depths:3)
  5 jorogumos
  3 catoblepae
  2 ghost crabs
  A merfolk aquamancer (Crypt:2)
  A two-headed ogre (shapeshifter) (Vaults:4)
  6 two-headed ogres
  3 radroaches
  A death knight (D:14)
  10 alligators
  6 ironbound frosthearts
  34 dancing weapons
  5 boulder beetles
  7 deep troll shamans
  10 centaur warriors
  A titan zombie (Depths:2)
  9 demonic crawlers
  5 death yaks (Depths:3)
  8 deep troll earth magi
  5 orc high priests
  5 spriggan berserkers
  10 vampire magi
  A bennu skeleton (Crypt:2)
  A hell hog (Lair:5)
  13 thrashing horrors
  A spectral naga (Crypt:3)
  A tengu warrior (D:12)
  Urug (D:10)
  9 deep elf knights
  A shock serpent (shapeshifter) (Vaults:5)
  A titan skeleton (Depths:2)
  Sonja (D:12)
  2 occultists
  A shock serpent (Zig:5)
  4 wretched stars
  12 hell knights
  2 skysharks (shapeshifter)
  7 soul eaters
  Amaemon (Lair:1)
  16 sun demons
  16 shadow wraiths
  A spatial maelstrom (Abyss:5)
  3 sun moths
  18 skeletal warriors
  7 pharaoh ants
  A skyshark (Lair:1)
  66 deep trolls
  9 bog bodies
  An elf simulacrum (Crypt:3)
  9 flayed ghosts
  11 iron trolls
  2 naga ritualists (Zig:4)
  2 death drakes
  A spark wasp zombie (Depths:2)
  3 goliath frogs
  An orb spider (shapeshifter) (Zig:3)
  7 glowing orange brains
  A deep troll (shapeshifter) (Vaults:5)
  7 spriggan druids
  2 shadow demons
  7 orb spiders
  A shadow dragon zombie (Depths:2)
  7 swamp dragons
  A bunyip zombie (Crypt:1)
  3 arcanists
  6 deep elf archers
  18 ironbound convokers
  40 phantasmal warriors
  A broodmother zombie (Crypt:2)
  A bunyip skeleton (Crypt:1)
  3 steelbarb worms
  22 deep elf pyromancers
  A frost giant zombie (Crypt:3)
  9 orc knights
  A shadow dragon skeleton (Crypt:2)
  16 deep elf zephyrmancers
  10 necromancers
  7 orc sorcerers
  6 cyclopes
  A glowing shapeshifter (Vaults:4)
  A fire giant zombie (Depths:2)
  7 will-o-the-wisps
  11 shining eyes
  A tengu skeleton (Vaults:1)
  An oklob plant (Orc:2)
  3 manticores
  An iron dragon skeleton (Crypt:2)
  16 wolf spiders
  17 ugly things
  28 moths of wrath
  3 guardian serpents
  13 vault sentinels
  A worldbinder (Abyss:5)
  13 black mambas
  An ice statue (IceCv)
  A black mamba (shapeshifter) (D:14)
  3 eyes of devastation
  14 elephants
  4 kobold blastminers
  A smoke demon (Abyss:1)
  10 cane toads
  A gargoyle (D:13)
  6 torpor snails
  A rust devil (D:4)
  2 orange demons
  A human zombie (Vaults:1)
  11 large abominations
  2 cane toads (shapeshifter)
  2 alligator snapping turtle zombies
  An unseen horror (D:11)
  2 rime drakes (D:11)
  2 hellions
  An ice devil (IceCv)
  2 komodo dragons (Lair:3)
  Jeremiah (D:6)
  An efreet (D:15)
  12 yaktaurs
  8 freezing wraiths
  An anaconda simulacrum (IceCv)
  A catoblepas skeleton (Abyss:5)
  A redback zombie (Crypt:1)
  2 tormentors
  4 ancient zymes
  A minotaur skeleton (Crypt:1)
  2 hellwings (Depths:3)
  13 tyrant leeches
  A guardian mummy (Crypt:3)
  3 tengu conjurers (D:15)
  7 trolls
  3 harpy zombies
  4 meliai
  A red draconian skeleton (Crypt:3)
  3 hydra zombies (Swamp:4)
  21 hornets
  13 polar bears
  3 glass eyes
  A merfolk (shapeshifter) (Vaults:5)
  A tarantella zombie (Crypt:2)
  19 tarantellas
  10 blink frogs
  9 raiju
  An iron dragon simulacrum (Depths:2)
  A raiju (shapeshifter) (Elf:1)
  An ettin zombie (Vaults:1)
  8 dream sheep
  2 meliai zombies
  2 ice dragon zombies (Crypt:2)
  97 slime creatures
  A fire giant simulacrum (Depths:2)
  A snapping turtle (shapeshifter) (Vaults:4)
  16 jumping spiders
  19 flying skulls
  3 air elementals
  4 centaur simulacra
  16 shadows
  4 ynoxinuls
  18 culicivoras
  A dire elephant simulacrum (IceCv)
  4 water elementals
  2 hogs (D:14)
  3 ettin skeletons
  15 wyverns
  24 spriggans
  A human (Lair:1)
  A vampire (D:13)
  A black mamba skeleton (Crypt:2)
  50 yaks
  16 wraiths
  11 basilisks
  3 fire elementals
  9 golden eyes
  2 neqoxecs
  A death yak simulacrum (IceCv)
  A steam dragon (D:9)
  2 chaos spawn
  8 wargs
  35 redbacks
  4 spatial vortices (Abyss:5)
  13 vampire mosquitoes
  Edmund (D:6)
  A deep troll zombie (Crypt:3)
  2 nagas (Zig:5)
  2 harpy simulacra (IceCv)
  13 swamp worms
  21 water moccasins
  A water nymph zombie (Crypt:1)
  A demonspawn zombie (Crypt:2)
  A hydra simulacrum (IceCv)
  A water moccasin (shapeshifter) (Vaults:4)
  14 hell hounds (Lair:5)
  17 orc warriors
  A sky beast (D:8)
  2 ice beasts
  12 black bears
  9 swamp drakes
  9 ogres
  4 boggarts (D:15)
  11 centaurs
  16 wolves
  A rime drake zombie (Crypt:3)
  2 phantoms (D:6)
  4 kobold brigands
  2 elf zombies (Ossuary)
  18 bullfrogs
  4 gnoll sergeants
  5 scorpions
  7 small abominations
  4 necrophages
  4 cane toad simulacra (IceCv)
  A wyvern zombie (D:7)
  9 earth elementals
  A komodo dragon skeleton (Crypt:2)
  6 two-headed ogre simulacra (IceCv)
  A warg skeleton (Crypt:1)
  19 killer bees
  5 elephant simulacra (IceCv)
  2 electric eels
  13 howler monkeys
  A wolf skeleton (Crypt:1)
  A centaur zombie (D:7)
  6 hounds
  18 orc priests
  2 sleepcaps (D:7)
  A gnoll bouda (D:9)
  6 jellies
  9 starcursed masses (Abyss:5)
  4 iguanas
  32 orc wizards
  Natasha (thrice) (D:2)
  6 hell rats (Lair:3)
  4 troll simulacra (IceCv)
  10 spriggan simulacra (IceCv)
  A wolf simulacrum (IceCv)
  A boggart simulacrum (D:12)
  16 mummies
  18 gnolls
  3 adders
  6 naga simulacra (IceCv)
  A shadow imp (D:6)
  5 white imps
  11 ufetubi
  An adder zombie (Ossuary)
  An iguana skeleton (Crypt:1)
  A lava snake skeleton (Crypt:3)
  3 worms
  3 dart slugs
  66 orcs
  A bat (D:2)
  A bat zombie (Crypt:1)
  10 endoplasms
  3 giant cockroaches
  3 gnoll zombies
  6 goblins
  10 hobgoblins
  4 jackals (D:3)
  29 kobolds
  A quokka (D:1)
  3 ball pythons
  15 frilled lizards
  A goblin zombie (Ossuary)
  A hobgoblin zombie (Ossuary)
  2 kobold zombies (Ossuary)
  5 rats
  3 rat zombies (Ossuary)
  A spectral hobgoblin (D:5)
  2 fire vortices (Zig:2)
  A lurking horror (Abyss:5)
  A spectral weapon (Depths:2)
  2 starspawn tentacles (Abyss:5)
2628 creatures vanquished.

Vanquished Creatures (collateral kills)
  A draconian shifter (Zot:3)
  A draconian annihilator (Zot:3)
  A green draconian (Zot:3)
  A deep elf zephyrmancer (Elf:1)
4 creatures vanquished.

Vanquished Creatures (others)
  A draconian knight (Zot:3)
  An eleionoma (Swamp:2)
  A hydra (D:12)
  2 deep elf zephyrmancers
  2 bloated husks
  A raiju (Abyss:5)
  3 humans
  A swamp worm (Swamp:3)
  A hell hound (Depths:2)
  A swamp drake (Swamp:3)
  A small abomination (Abyss:4)
  A brain worm (Abyss:4)
  A bullfrog (Zot:5)
  A necrophage (Crypt:2)
  An orc wizard (D:4)
  A statue (D:14)
  2 fire vortices (Zig:2)
  32 foxfires
  2 snaplasher vines (Elf:1)
  21 starspawn tentacles
77 creatures vanquished.

Grand Total: 2709 creatures vanquished

Notes
Turn   | Place    | Note
-------+----------+-------------------------------------------
     0 | D:1      | Amplified the Minotaur Shapeshifter began the quest for the
                  | Orb.
     0 | D:1      | Reached XP level 1. HP: 16/16 MP: 0/0
   173 | D:1      | Reached skill level 1 in Armour
   189 | D:1      | Reached XP level 2. HP: 23/24 MP: 1/1
  1056 | D:2      | Noticed Natasha
  1059 | D:2      | Killed Natasha
  1060 | D:2      | Reached XP level 3. HP: 19/30 MP: 2/2
  1115 | D:2      | Noticed Natasha
  1459 | D:2      | Killed Natasha
  1460 | D:2      | Reached XP level 4. HP: 27/38 MP: 3/3
  1504 | D:2      | Found a faded altar of an unknown god.
  1586 | D:2      | Noticed Natasha
  1605 | D:2      | Killed Natasha
  1866 | D:2      | Prayed at the altar of an unknown god.
  1866 | D:2      | Became a worshipper of Ashenzari the Shackled
  1896 | D:3      | Reached XP level 5. HP: 37/45 MP: 4/4
  1986 | D:3      | Found a snail-covered altar of Cheibriados.
  2847 | D:4      | an orc priest changed into an acid dragon
  2847 | D:4      | Noticed an acid dragon
  2858 | D:4      | an acid dragon changed into a killer bee
  2867 | D:4      | HP: 2/69 [frozen (5)]
  2877 | D:4      | Reached skill level 1 in Spellcasting
  2877 | D:4      | Reached XP level 6. HP: 14/52 MP: 6/6
  2891 | D:4      | Identified the cursed +0 ring mail of the Unyielding Gaze
                  | {Comp, Self} (You found it on level 3 of the Dungeon)
  3186 | D:4      | Found a shadowy altar of Dithmenos.
  3186 | D:4      | Found an ancient bone altar of Kikubaaqudgha.
  3441 | D:4      | Reached * piety under Ashenzari
  3592 | D:4      | Found a glowing golden altar of the Shining One.
  3672 | D:4      | Reached skill level 1 in Maces & Flails
  3672 | D:4      | Reached XP level 7. HP: 25/61 MP: 9/9
  3883 | D:4      | Found a shimmering blue altar of Sif Muna.
  4004 | D:4      | Found an opulent altar of Gozag.
  4137 | D:5      | Entered Level 5 of the Dungeon
  4152 | D:5      | Identified the +2 robe of Insecurity {Int-5 Stlth+
                  | Archmagi}
  4202 | D:5      | Reached skill level 5 in Fighting
  4202 | D:5      | Reached skill level 5 in Dodging
  4214 | D:5      | Learned a level 2 spell: Lesser Beckoning
  4237 | D:5      | Found a sand-covered staircase.
  4290 | D:5      | Reached ** piety under Ashenzari
  4294 | Ossuary  | Entered an ossuary
  4365 | Ossuary  | Reached skill level 5 in Armour
  4698 | D:5      | Identified the +2 robe of Xel Leak {rF- Will+ Str+3}
  4906 | D:5      | Reached XP level 8. HP: 42/73 MP: 12/12
  5126 | D:5      | Found a hazy altar of Hepliaklqana.
  5214 | D:6      | Reached skill level 1 in Translocations
  5307 | D:6      | Noticed a hornet
  5323 | D:6      | Killed a hornet
  5579 | D:6      | Found a runed translucent gate.
  5587 | D:6      | Noticed Jeremiah
  5609 | D:6      | Noticed Edmund
  5623 | D:6      | Killed Jeremiah
  5632 | D:6      | Killed Edmund
  5633 | D:6      | Reached XP level 9. HP: 48/82 MP: 14/14
  5795 | D:6      | Found a runed translucent gate.
  5795 | D:6      | Found an opulent altar of Gozag.
  5795 | D:6      | Found a runed translucent gate.
  5795 | D:6      | Noticed Bnni's ghost (novice SpHu)
  5795 | D:6      | Noticed a manticore
  5955 | D:6      | Found a shimmering altar of Xom.
  6099 | D:7      | Reached *** piety under Ashenzari
  6129 | D:7      | Reached skill level 5 in Maces & Flails
  6160 | D:7      | Identified the cursed +2 pair of boots "Restrained
                  | Together" {Melee, Elem} (You found it on level 7 of the
                  | Dungeon)
  6419 | D:7      | Found a staircase to the Ecumenical Temple.
  6507 | D:7      | Found a bloodstained altar of Trog.
  6793 | D:7      | Found a basalt altar of Yredelemnul.
  7307 | D:8      | Reached **** piety under Ashenzari
  7411 | D:8      | Found a staircase to the Lair.
  7885 | D:9      | Reached XP level 10. HP: 87/96 MP: 19/19
  8179 | D:9      | Identified the ring "Haolurr" {*Corrode Str+6 Int+8 SInv}
  8331 | D:9      | Found a staircase to the Orcish Mines.
  8336 | D:9      | Identified the +9 whip "Woadgh" {drain, ^Contam rElec rF+++
                  | Will-}
  8542 | D:9      | Noticed a two-headed ogre
  8549 | D:9      | Killed a two-headed ogre
  9002 | D:9      | Noticed a two-headed ogre
  9011 | D:9      | Killed a two-headed ogre
  9138 | D:9      | Reached XP level 11. HP: 107/107 MP: 22/22
  9438 | D:10     | Entered Level 10 of the Dungeon
  9706 | D:10     | Identified the +10 long sword of Sunlight {protect, rPois}
  9776 | D:10     | Found a broken altar of Ashenzari.
  9797 | D:10     | Noticed Harold
  9810 | D:10     | Killed Harold
  9877 | D:10     | Reached skill level 5 in Spellcasting
 10105 | D:10     | Noticed Snorg
 10116 | D:10     | Killed Snorg
 10117 | D:10     | Reached skill level 1 in Shields
 10165 | D:10     | Noticed Urug
 10181 | D:10     | Killed Urug
 10187 | D:10     | Found a blossoming altar of Fedhas.
 10430 | D:11     | Reached skill level 10 in Fighting
 10571 | D:11     | Found a frozen archway.
 10586 | D:11     | Reached skill level 10 in Armour
 10647 | IceCv    | Entered an ice cave
 11608 | IceCv    | Reached XP level 12. HP: 91/118 MP: 24/24
 11767 | IceCv    | Noticed a reaper
 11789 | IceCv    | Killed a reaper
 11936 | IceCv    | Reached skill level 10 in Dodging
 12460 | D:11     | Found a sparkling altar of Nemelex Xobeh.
 13061 | D:12     | Noticed Sonja
 13061 | D:12     | Found Difattur's Assorted Antiques.
 13096 | D:12     | Killed Sonja
 13104 | D:12     | Bought a glowing eveningstar for 486 gold pieces
 13104 | D:12     | Bought a green potion for 24 gold pieces
 13343 | D:12     | Noticed Josephine
 13354 | D:12     | Killed Josephine
 13355 | D:12     | Reached skill level 5 in Shields
 13815 | D:12     | Found Juani's Assorted Antiques.
 13822 | D:12     | Bought a scroll of enchant weapon for 195 gold pieces
 13822 | D:12     | Bought a shiny kite shield for 195 gold pieces
 13930 | D:13     | Noticed a seven-headed hydra
 13940 | D:13     | Killed a seven-headed hydra
 14083 | D:13     | Reached ***** piety under Ashenzari
 14166 | D:13     | Found a runed translucent gate.
 14166 | D:13     | Identified a scroll of acquirement
 14167 | D:13     | Found a runed translucent gate.
 14169 | D:13     | Found a runed translucent gate.
 14221 | D:13     | Reached skill level 1 in Evocations
 14313 | D:13     | Acquired the +2 pair of slick slippers {slick, slippery,
                  | EV+4}
 14313 | D:13     | Found the +2 pair of slick slippers {slick, slippery, EV+4}
 14355 | D:13     | Noticed a centaur warrior
 14359 | D:13     | Killed a centaur warrior
 14796 | D:13     | Noticed Heedrag's ghost (journeyman GrEE)
 14909 | D:14     | Noticed Kirke
 14941 | D:14     | Killed Kirke
 14941 | D:14     | Identified the cursed scarf of Curses and Power {repulsion,
                  | Alch, Self} (You found it in an ice cave)
 14941 | D:14     | Identified the cursed +2 pair of gloves of the Cursed
                  | Welkin {Bglg, Alch} (You found it on level 7 of the
                  | Dungeon)
 14941 | D:14     | Identified the cursed +2 kite shield "Restrained Fallacy"
                  | {rC+, Elem, Dev} (You found it in an ice cave)
 14941 | D:14     | Identified the cursed +4 chain mail "Cosmic Adversity"
                  | {Will+, Fort, Alch} (You took it off Urug on level 10 of
                  | the Dungeon)
 14941 | D:14     | Identified the cursed ring of the Eternal Seer {rF+, Self,
                  | Range} (You found it on level 4 of the Dungeon)
 14941 | D:14     | Identified the cursed ring of Ashenzari's Repose {EV+5,
                  | Self, Melee} (You found it on level 9 of the Dungeon)
 14942 | D:14     | Reached XP level 13. HP: 46/128 MP: 26/26
 15154 | D:14     | Identified the +3 leather armour "Qudwor" {-Tele Str+4
                  | Int+5}
 15530 | D:14     | Found a gate to the Vaults.
 15736 | D:14     | Found a runed translucent gate.
 15737 | D:14     | Found a runed translucent gate.
 15749 | D:14     | Found a radiant altar of Vehumet.
 15798 | D:14     | Found a runed translucent gate.
 15799 | D:14     | Noticed Kous's ghost (journeyman DsMo)
 16143 | D:15     | Entered Level 15 of the Dungeon
 16268 | D:15     | Found a staircase to the Depths.
 16463 | D:15     | Reached skill level 5 in Evocations
 16559 | D:15     | Noticed Rupert
 16576 | D:15     | Killed Rupert
 17202 | D:12     | Noticed an ettin
 17203 | D:12     | Noticed a fire dragon
 17203 | D:12     | Noticed a fire giant
 17207 | D:12     | Reached XP level 14. HP: 88/140 MP: 28/28
 17209 | D:12     | Noticed a storm dragon
 17243 | D:12     | Killed a storm dragon
 17250 | D:12     | Reached skill level 10 in Shields
 17254 | D:12     | Killed a fire giant
 17571 | Orc:1    | Entered Level 1 of the Orcish Mines
 17613 | Orc:2    | Entered Level 2 of the Orcish Mines
 17623 | Orc:2    | Found a staircase to the Elven Halls.
 17932 | Orc:2    | Found Hoop's Weapon Shoppe.
 18043 | Orc:2    | Found Pagekug's Magic Scroll Shoppe.
 18044 | Orc:2    | Found Jumpiuha's Armour Shop.
 18044 | Orc:2    | Found Vaipuk's Jewellery Shop.
 18067 | Orc:2    | Bought a scroll of teleportation for 48 gold pieces
 18067 | Orc:2    | Bought a scroll of teleportation for 48 gold pieces
 18067 | Orc:2    | Bought a scroll of teleportation for 48 gold pieces
 18067 | Orc:2    | Bought a scroll of teleportation for 48 gold pieces
 18067 | Orc:2    | Bought a scroll of torment for 152 gold pieces
 18079 | Orc:2    | Bought a throwing net for 45 gold pieces
 18781 | Orc:1    | Found Luikow's Antique Weapon Shoppe.
 18991 | Orc:2    | Bought the amulet "Risaovae" {Regen+ Int+4} for 454 gold
                  | pieces
 19113 | Lair:1   | Entered Level 1 of the Lair of Beasts
 19214 | Lair:1   | Noticed Amaemon
 19231 | Lair:1   | Killed Amaemon
 19388 | Lair:1   | Found a runed translucent door.
 19913 | Lair:1   | Identified the +4 chain mail "Naozeff" {rPois rN++ Will+
                  | Dex-2}
 20024 | Lair:2   | Reached skill level 15 in Fighting
 20105 | Lair:2   | Found a staircase to the Swamp.
 20408 | Lair:2   | Identified the ring "Wawis" {Fire +Blink Str+2 Int-3}
 20871 | Lair:3   | Found a hole to the Spider Nest.
 20880 | Lair:3   | Reached XP level 15. HP: 152/152 MP: 31/31
 20954 | Lair:3   | Found an ancient bone altar of Kikubaaqudgha.
 22508 | Lair:4   | Found a staircase to the Slime Pits.
 23518 | Lair:5   | Entered Level 5 of the Lair of Beasts
 24202 | Lair:5   | Found a burning altar of Makhleb.
 24862 | Spider:1 | Entered Level 1 of the Spider Nest
 24882 | Spider:1 | Reached skill level 10 in Spellcasting
 25447 | Spider:2 | Reached XP level 16. HP: 148/167 MP: 33/33
 26338 | Spider:3 | Noticed Mlioglotl
 26340 | Spider:3 | Noticed a tentacled starspawn
 26352 | Spider:3 | Killed Mlioglotl
 26772 | Spider:3 | Reached skill level 15 in Shields
 28170 | Spider:4 | Entered Level 4 of the Spider Nest
 28604 | Spider:4 | Noticed Roxanne
 28633 | Spider:4 | Killed Roxanne
 28942 | Spider:4 | Noticed Arachne
 28969 | Spider:4 | Killed Arachne
 29514 | Spider:4 | Reached XP level 17. HP: 178/178 MP: 35/35
 29757 | Spider:4 | Identified the -2 hat "Piruig" {rPois rF- rN+ Str+6}
 29866 | Spider:4 | Got a gossamer rune of Zot
 29904 | Spider:4 | Reached ****** piety under Ashenzari
 30261 | Swamp:1  | Entered Level 1 of the Swamp
 31904 | Swamp:3  | Noticed kal9871's ghost (adept FoFi)
 31980 | Swamp:3  | Found a runed translucent door.
 32034 | Swamp:3  | Reached skill level 15 in Dodging
 32939 | Swamp:4  | Entered Level 4 of the Swamp
 33203 | Swamp:4  | Reached XP level 18. HP: 151/194 MP: 38/38
 33333 | Swamp:4  | Got a decaying rune of Zot
 33374 | Swamp:4  | Identified the +4 hand axe of the People {venom, +Blink
                  | Fly}
 33605 | Swamp:4  | Identified the Parchment of Reanimation Made Easy
 33767 | Swamp:4  | Reached XP level 19. HP: 139/206 MP: 40/40
 34175 | Vaults:1 | Entered Level 1 of the Vaults
 34318 | Vaults:1 | Learned a level 1 spell: Apportation
 34322 | Vaults:1 | Learned a level 3 spell: Sigil of Binding
 34471 | Vaults:1 | Reached skill level 1 in Hexes
 34632 | Vaults:1 | Found the +9 sword of Power {lifebolt}
 35925 | Vaults:2 | Gained mutation: Your movements are slightly less
                  | encumbered by armour. (ER -2) [mutagenic glow]
 36544 | Vaults:4 | Learned a level 4 spell: Dispel Undead
 36576 | Vaults:4 | Found a transporter.
 36578 | Vaults:4 | Noticed a golden dragon
 36585 | Vaults:4 | Identified the +1 pair of gloves of Generosity {Will+
                  | Str+4}
 36586 | Vaults:4 | Found a transporter.
 36586 | Vaults:4 | Identified the staff of Zigo {Int+3 Earth}
 36640 | Vaults:4 | Reached skill level 1 in Necromancy
 36655 | Vaults:4 | Noticed Saint Roka
 37027 | Vaults:3 | Reached skill level 10 in Maces & Flails
 37035 | Vaults:3 | Reached XP level 20. HP: 102/216 MP: 40/40
 37522 | Vaults:3 | Identified the +2 rapier of Ehether {flame, rC+}
 37696 | Vaults:3 | Found a staircase to the Crypt.
 37696 | Vaults:3 | Found a basalt altar of Yredelemnul.
 37696 | Vaults:3 | Found an ancient bone altar of Kikubaaqudgha.
 38004 | Vaults:3 | Noticed Bai Suzhen
 38020 | Vaults:3 | Killed Bai Suzhen
 38491 | Crypt:1  | Entered Level 1 of the Crypt
 38674 | Crypt:1  | Learned a level 4 spell: Airstrike
 38807 | Crypt:1  | Reached skill level 1 in Air Magic
 39585 | Crypt:2  | Reached XP level 21. HP: 216/224 MP: 42/42
 39647 | Crypt:3  | Entered Level 3 of the Crypt
 39746 | Crypt:3  | Reached skill level 5 in Necromancy
 40302 | Crypt:3  | Found a basalt altar of Yredelemnul.
 40338 | Crypt:3  | Identified Sif Muna's Volume of Allied Blows
 40579 | Crypt:3  | Reached skill level 5 in Air Magic
 41017 | Crypt:3  | Found a staircase to the Tomb.
 41210 | Crypt:2  | Reached skill level 15 in Armour
 41310 | Crypt:2  | Noticed Sojobo
 41329 | Crypt:2  | Killed Sojobo
 41801 | Crypt:2  | Reached XP level 22. HP: 233/233 MP: 44/44
 41827 | Crypt:2  | Found a runed door.
 42104 | Crypt:2  | Noticed an ancient lich
 42313 | Crypt:2  | Gained mutation: You are dopey. (Int -2) [a neqoxec]
 42317 | Crypt:2  | Identified the +0 robe of Niaheoseu {rPois rC- rN++ Dex+2}
 42391 | Crypt:2  | Identified the staff of the Inviting Pill Bug {rC+ Str+4
                  | Ice}
 42391 | Crypt:2  | Identified the ring "Detixtum" {rCorr Dex+5}
 42405 | Crypt:2  | Killed an ancient lich
 42417 | Crypt:2  | Identified the Parchment of Arcane Combat and the Traveller
 42812 | Depths:1 | Entered Level 1 of the Depths
 42848 | Depths:1 | Found a one-way gate leading to the halls of Pandemonium.
 42902 | Depths:1 | Found a one-way gateway to a ziggurat.
 42962 | Depths:1 | Found a shadowy altar of Dithmenos.
 43035 | Depths:1 | Learned a level 5 spell: Summon Forest
 43070 | Depths:1 | Reached skill level 5 in Translocations
 43120 | Depths:1 | Found a gateway to Hell.
 43216 | Depths:1 | Found a magical portal.
 43225 | WizLab   | Entered Wucad Mu's Monastery
 43328 | WizLab   | Found the crystal ball of Wucad Mu {*channel}
 43352 | WizLab   | Reached XP level 23. HP: 232/240 MP: 41/45
 43818 | Depths:1 | Identified the +5 hand axe of Paper {spect, Will- Str+3
                  | Int+8}
 44127 | Depths:2 | Found a gateway to a bazaar.
 44137 | Depths:2 | Acquired 752 gold pieces
 44149 | Bazaar   | Entered a bazaar
 44149 | Bazaar   | Found Laqyc's Armour Shop.
 44149 | Bazaar   | Found Kat Zoddu's Distillery.
 44149 | Bazaar   | Found Wiute's Magic Scroll Boutique.
 44149 | Bazaar   | Found Imnaoben's Book Boutique.
 44149 | Bazaar   | Found Doz Wefe's Book Boutique.
 44149 | Bazaar   | Found Uciliup's Distillery.
 44183 | Bazaar   | Bought a potion of heal wounds for 70 gold pieces
 44183 | Bazaar   | Bought a potion of curing for 42 gold pieces
 44183 | Bazaar   | Bought 2 potions of resistance for 280 gold pieces
 44183 | Bazaar   | Bought a potion of curing for 42 gold pieces
 44183 | Bazaar   | Bought 2 potions of curing for 84 gold pieces
 44183 | Bazaar   | Bought a potion of mutation for 112 gold pieces
 44183 | Bazaar   | Bought a potion of cancellation for 112 gold pieces
 44185 | Bazaar   | Bought a potion of magic for 88 gold pieces
 44185 | Bazaar   | Bought a potion of heal wounds for 55 gold pieces
 44185 | Bazaar   | Bought a potion of haste for 110 gold pieces
 44185 | Bazaar   | Bought a potion of cancellation for 88 gold pieces
 44185 | Bazaar   | Bought a potion of ambrosia for 88 gold pieces
 44185 | Bazaar   | Bought a potion of brilliance for 44 gold pieces
 44185 | Bazaar   | Bought a potion of ambrosia for 88 gold pieces
 44189 | Bazaar   | Bought a book of Power for 420 gold pieces
 44189 | Bazaar   | Bought a book of Dreams for 220 gold pieces
 44189 | Bazaar   | Bought a book of Annihilations for 600 gold pieces
 44189 | Bazaar   | Bought Great Wizards, Vol. VII for 300 gold pieces
 44189 | Bazaar   | Bought a book of Unlife for 360 gold pieces
 44201 | Bazaar   | Bought a scroll of fear for 60 gold pieces
 44201 | Bazaar   | Bought a scroll of fog for 60 gold pieces
 44201 | Bazaar   | Bought a scroll of fear for 60 gold pieces
 44201 | Bazaar   | Bought a scroll of teleportation for 45 gold pieces
 44201 | Bazaar   | Bought a scroll of revelation for 112 gold pieces
 44201 | Bazaar   | Bought a scroll of enchant armour for 112 gold pieces
 44201 | Bazaar   | Bought a scroll of enchant weapon for 112 gold pieces
 44201 | Bazaar   | Bought a scroll of amnesia for 60 gold pieces
 44211 | Bazaar   | Bought a Young Poisoner's Handbook for 140 gold pieces
 44211 | Bazaar   | Bought the Precepts of Cooperative Ice for 266 gold pieces
 44211 | Bazaar   | Bought an Everburning Encyclopedia for 252 gold pieces
 44229 | Depths:2 | Identified the +1 kite shield of Taluan {rElec rCorr}
 44229 | Depths:2 | Noticed Asterion
 44249 | Depths:2 | Killed Asterion
 44752 | Elf:1    | Entered Level 1 of the Elven Halls
 45641 | Elf:1    | Identified Usozxex's Spellbook of Weather
 45641 | Elf:1    | Identified Zeini's Compilation of Lithomancy
 45654 | Elf:1    | Identified Qath's Atlas of the Inferno
 45679 | Elf:1    | Identified the Writings on Refrigeration
 45684 | Elf:1    | Paralysed by an air elemental for 1 turns
 46093 | Elf:2    | Found a runed translucent gate.
 46095 | Elf:2    | Found a runed translucent gate.
 46096 | Elf:2    | Found a runed translucent gate.
 46375 | Elf:2    | Noticed Louise
 46671 | Elf:2    | Killed Louise
 46921 | Elf:3    | Entered Level 3 of the Elven Halls
 46986 | Elf:3    | Found Odozot's General Store.
 46994 | Elf:3    | Bought a scroll of blinking for 90 gold pieces
 46994 | Elf:3    | Bought a scroll of fear for 48 gold pieces
 47076 | Elf:3    | Found Zauta's General Store.
 47323 | Elf:3    | Found Biumeucs's General Store.
 47402 | Elf:3    | Bought a scroll of teleportation for 54 gold pieces
 47402 | Elf:3    | Bought a potion of curing for 54 gold pieces
 47619 | Elf:3    | Identified the +1 spear of the Imperium {heavy, +Blink
                  | Str+3 Dex+3 SInv}
 47639 | Elf:3    | Found Ohumas's Distillery.
 47660 | Elf:3    | Found Idicynlug's Weapon Shop.
 47888 | Elf:3    | Reached XP level 24. HP: 221/249 MP: 46/46
 48056 | Elf:3    | Identified the +7 great sword of Gluttony {heavy, rF+ rC+}
 48115 | Elf:3    | Identified the +6 morningstar "Zemp" {flame, rPois rN+
                  | Int+3}
 48139 | Elf:3    | Found the +8 Vampire's Tooth {megavamp}
 48151 | Elf:3    | Reached skill level 15 in Spellcasting
 48345 | Elf:3    | Identified the Essays on the Baneful Tropics
 48350 | Elf:3    | Identified the +0 chain mail of Baalerph {^Drain rElec
                  | Dex+2}
 48350 | Elf:3    | Identified the ring of Pyechonk {rN+ Str+5}
 48383 | Elf:3    | Identified the ring "Uriw" {Int+2 SInv}
 48388 | Elf:3    | Identified Uckaecvo's Volume of Undead Formation
 48857 | Depths:2 | Gained mutation: Potions are less effective at restoring
                  | your health. [a shining eye]
 48878 | Depths:2 | Identified the +2 helmet of Proximity {-Tele rElec Int+2
                  | Dex+3}
 48890 | Depths:2 | Found a one-way gate to the infinite horrors of the Abyss.
 48955 | Depths:2 | Reached skill level 5 in Summonings
 49278 | Depths:2 | Identified the +5 cloak of the Flute {rN++ Dex+2}
 49342 | Depths:2 | Found a burning altar of Makhleb.
 49351 | Depths:2 | Identified the ring "Ebruu" {rElec rPois rN+ Int-5 Stlth+}
 49355 | Depths:2 | Identified the Papyrus of the Tesseract and Illusion
 50388 | Depths:3 | Identified the +1 hat of Hashed {Dex+3}
 50388 | Depths:3 | Noticed a juggernaut
 50403 | Depths:3 | Killed a juggernaut
 50565 | Depths:3 | Identified the ring of Ymoeh {Fire rElec rN+}
 50585 | Depths:3 | Identified the +0 hand axe of Ambiguity {holy, rElec}
 50585 | Depths:3 | Identified the +7 flail "Zoopt" {antimagic, *Rage rC+ Int+4
                  | Dex+2}
 51041 | Depths:3 | Found a corrupted altar of Lugonu.
 51291 | Depths:4 | Entered Level 4 of the Depths
 51673 | Depths:4 | Noticed Boris
 51676 | Depths:4 | Found a runed translucent door.
 51677 | Depths:4 | Identified the +5 hand axe of Trauma {freeze, Dex+3}
 51684 | Depths:4 | Killed Boris
 51688 | Depths:4 | Noticed Pewaar's ghost (journeyman DsNe)
 51688 | Depths:4 | Found the +7 captain's cutlass {speed, disarm}
 51996 | Depths:4 | Reached XP level 25. HP: 122/255 MP: 42/46
 52840 | Depths:4 | Found a runed translucent door.
 52840 | Depths:4 | Found a runed translucent door.
 52842 | Depths:4 | Found a runed translucent door.
 52848 | Depths:4 | Found a runed translucent door.
 52855 | Depths:4 | Found a runed translucent door.
 52855 | Depths:4 | Found a runed translucent door.
 52865 | Depths:4 | Found a gate to the Realm of Zot.
 53064 | Depths:4 | Killed Pewaar's ghost
 53474 | Vaults:4 | Killed Saint Roka
 53569 | Vaults:4 | Identified the +0 trident of Iwoyjum {freeze, Will++ Dex-3}
 53876 | Vaults:4 | Identified the +7 chain mail of the Gastropod {SInv}
 54518 | Vaults:5 | Entered Level 5 of the Vaults
 54597 | Vaults:5 | Identified the ring "Soitial" {rElec rF+ rN+ SInv}
 54598 | Vaults:5 | Identified the ring "Hunixeps" {Fly rPois rF- Dex+7}
 55108 | Vaults:5 | Noticed a dread lich
 55118 | Vaults:5 | Killed a dread lich
 55119 | Vaults:5 | Reached skill level 10 in Translocations
 55443 | Vaults:5 | Found Vifiv's Distillery.
 55447 | Vaults:5 | Bought a potion of curing for 63 gold pieces
 55447 | Vaults:5 | Bought 2 potions of heal wounds for 210 gold pieces
 55447 | Vaults:5 | Bought a potion of curing for 63 gold pieces
 55447 | Vaults:5 | Bought a potion of resistance for 210 gold pieces
 55447 | Vaults:5 | Bought a potion of magic for 168 gold pieces
 55447 | Vaults:5 | Bought a potion of mutation for 168 gold pieces
 55447 | Vaults:5 | Bought a potion of brilliance for 84 gold pieces
 55490 | Vaults:5 | Found Jizxinu's Magic Scroll Emporium.
 55503 | Vaults:5 | Bought a scroll of revelation for 97 gold pieces
 55503 | Vaults:5 | Bought a scroll of teleportation for 39 gold pieces
 55503 | Vaults:5 | Bought a scroll of revelation for 97 gold pieces
 55503 | Vaults:5 | Bought a scroll of enchant weapon for 97 gold pieces
 55503 | Vaults:5 | Bought a scroll of immolation for 52 gold pieces
 55503 | Vaults:5 | Bought a scroll of immolation for 52 gold pieces
 55591 | Vaults:5 | Got a silver rune of Zot
 55595 | Vaults:5 | Identified the +7 arbalest "Seop Tuk" {drain, rPois rF+}
 55613 | Vaults:5 | Identified the +0 leather armour of the Alphagorgon {rF++
                  | rCorr SInv Stlth-}
 55629 | Vaults:5 | Reached XP level 26. HP: 258/258 MP: 45/45
 55684 | Vaults:5 | Identified the amulet of Linlown {RegenMP SInv}
 55695 | Vaults:5 | Identified the +2 shortbow of Destiny {speed, rC+}
 55848 | Vaults:5 | Identified the +9 shortbow "Elamu" {antimagic, Will+
                  | Stlth+}
 55997 | Vaults:5 | Noticed Boris
 56006 | Vaults:5 | Killed Boris
 57018 | Depths:2 | Voluntarily entered the Abyss.
 57020 | Abyss:1  | Found a corrupted altar of Lugonu.
 57118 | Abyss:2  | Found a corrupted altar of Lugonu.
 57143 | Abyss:2  | Gained mutation: You are occasionally teleported next to
                  | monsters. [a shining eye]
 57144 | Abyss:2  | Gained mutation: Your magical capacity is low. (-10% MP) [a
                  | shining eye]
 57171 | Abyss:2  | Lost mutation: You are dopey. (Int -2) [potion of mutation]
 57171 | Abyss:2  | Lost mutation: You are occasionally teleported next to
                  | monsters. [potion of mutation]
 57171 | Abyss:2  | Lost mutation: Your magical capacity is low. (-10% MP)
                  | [potion of mutation]
 57171 | Abyss:2  | Gained mutation: You have large cloven feet. [potion of
                  | mutation]
 57171 | Abyss:2  | Gained mutation: You are partially covered in iridescent
                  | scales. (AC +2) [potion of mutation]
 57445 | Abyss:5  | Found a corrupted altar of Lugonu.
 57451 | Abyss:5  | Reached skill level 10 in Summonings
 57601 | Abyss:5  | Lost mutation: Your movements are slightly less encumbered
                  | by armour. (ER -2) [potion of mutation]
 57601 | Abyss:5  | Lost mutation: You are partially covered in iridescent
                  | scales. (AC +2) [potion of mutation]
 57601 | Abyss:5  | Gained mutation: You passively map a small area around you.
                  | [potion of mutation]
 57665 | Abyss:6  | Lost mutation: Potions are less effective at restoring your
                  | health. [potion of mutation]
 57665 | Abyss:6  | Lost mutation: You have large cloven feet. [potion of
                  | mutation]
 57665 | Abyss:6  | Lost mutation: You passively map a small area around you.
                  | [potion of mutation]
 57665 | Abyss:6  | Gained mutation: Your body sometimes deteriorates upon
                  | taking damage. [potion of mutation]
 57665 | Abyss:6  | Gained mutation: Your natural rate of healing is unusually
                  | fast. [potion of mutation]
 57735 | Depths:2 | Escaped the Abyss
 57806 | Depths:2 | Voluntarily entered the Abyss.
 57851 | Abyss:6  | Found a glowing golden altar of the Shining One.
 57855 | Abyss:6  | Noticed a juggernaut
 57862 | Abyss:6  | Got an abyssal rune of Zot
 57869 | Abyss:6  | Killed a juggernaut
 57914 | Abyss:6  | Found a corrupted altar of Lugonu.
 57923 | Abyss:6  | Gained mutation: You are vulnerable to heat. (rF-) [a
                  | shining eye]
 57958 | Depths:2 | Escaped the Abyss
 58082 | Depths:2 | Gained mutation: Your magical capacity is low. (-10% MP) [a
                  | shining eye]
 58126 | Depths:2 | Lost mutation: Your natural rate of healing is unusually
                  | fast. [potion of mutation]
 58126 | Depths:2 | Lost mutation: Your magical capacity is low. (-10% MP)
                  | [potion of mutation]
 58126 | Depths:2 | Lost mutation: Your body sometimes deteriorates upon taking
                  | damage. [potion of mutation]
 58126 | Depths:2 | Gained mutation: You are very vulnerable to heat. (rF--)
                  | [potion of mutation]
 58126 | Depths:2 | Gained mutation: You are extremely vulnerable to heat.
                  | (rF---) [potion of mutation]
 58127 | Depths:2 | Lost mutation: You are extremely vulnerable to heat.
                  | (rF---) [potion of mutation]
 58127 | Depths:2 | Lost mutation: You are very vulnerable to heat. (rF--)
                  | [potion of mutation]
 58127 | Depths:2 | Gained mutation: Your skin changes colour to match your
                  | surroundings (Stealth+). [potion of mutation]
 58127 | Depths:2 | Gained mutation: You are partially covered in iridescent
                  | scales. (AC +2) [potion of mutation]
 58127 | Depths:2 | Gained mutation: Your health recovers twice as slowly from
                  | being drained. [potion of mutation]
 58127 | Depths:2 | Gained mutation: You are strong-willed. (Will+) [potion of
                  | mutation]
 58128 | Depths:2 | Lost mutation: Your health recovers twice as slowly from
                  | being drained. [potion of mutation]
 58128 | Depths:2 | Lost mutation: You are vulnerable to heat. (rF-) [potion of
                  | mutation]
 58128 | Depths:2 | Gained mutation: You passively map a small area around you.
                  | [potion of mutation]
 58128 | Depths:2 | Gained mutation: Your natural rate of healing is unusually
                  | fast. [potion of mutation]
 58412 | Depths:2 | Found the +10 zealot's sword {holy, Zealotry, *Rage rN+
                  | EV+3}
 58832 | Slime:1  | Entered Level 1 of the Pits of Slime
 58887 | Lair:4   | Learned a level 3 spell: Frozen Ramparts
 58895 | Lair:4   | Learned a level 5 spell: Freezing Cloud
 58899 | Slime:1  | Gained mutation: Your spells are a little easier to cast,
                  | but a little less powerful. [a shining eye]
 58970 | Slime:2  | Gained mutation: You are somewhat resistant to further
                  | mutation. [a shining eye]
 58979 | Slime:2  | Reached skill level 1 in Conjurations
 58979 | Slime:2  | Reached skill level 1 in Ice Magic
 59499 | Slime:3  | Noticed Donald
 59514 | Slime:3  | Killed Donald
 59733 | Slime:5  | Entered Level 5 of the Pits of Slime
 59768 | Slime:4  | Gained mutation: You are weak. (Str -2) [a shining eye]
 60177 | Slime:3  | Reached XP level 27. HP: 245/271 MP: 47/47
 60369 | Slime:5  | Noticed the Royal Jelly
 60718 | Slime:5  | Found a viscous altar of Jiyva.
 60718 | Slime:5  | Identified Faherul's Handbook of Toxicity and Hail
 60757 | Slime:5  | Identified the +3 dire flail of Thoughtfulness {vamp, *Rage
                  | rPois rCorr Str-5}
 60763 | Slime:5  | Identified the +1 shortbow of Sotubexe {drain, rCorr SInv}
 60764 | Slime:5  | Identified the ring "Pamob" {*Corrode Fly rElec rN+++ SInv}
 60768 | Slime:5  | Identified the Octavo of the Congregated Sphinx
 61195 | Slime:5  | Killed the Royal Jelly
 61332 | Slime:5  | Got a slimy rune of Zot
 61790 | Zot:1    | Entered Level 1 of the Realm of Zot
 61949 | Zig:1    | Entered Level 1 of a ziggurat
 61968 | Zig:2    | Entered Level 2 of a ziggurat
 61971 | Zig:2    | Noticed Liebe the pandemonium lord
 61979 | Zig:2    | Killed Liebe the pandemonium lord
 62030 | Zig:3    | Entered Level 3 of a ziggurat
 62033 | Zig:3    | Noticed an ancient lich
 62044 | Zig:3    | Killed an ancient lich
 62119 | Zig:4    | Entered Level 4 of a ziggurat
 62158 | Zig:5    | Entered Level 5 of a ziggurat
 62197 | Zig:5    | Identified the +2 dagger of the Shouting Bear {venom,
                  | *Noise Str+6 Stlth+}
 62702 | Zot:1    | Reached skill level 5 in Ice Magic
 62744 | Zot:1    | Reached skill level 5 in Conjurations
 62793 | Zot:1    | Identified the +0 robe of Egalitarianism {rN+}
 62887 | Zot:1    | Found a transporter.
 62887 | Zot:1    | Found a transporter.
 62888 | Zot:1    | Found a transporter.
 63104 | Zot:1    | Found a transporter.
 63675 | Zot:3    | Identified the amulet of Ramacob {Spirit Rampage}
 65422 | Zot:5    | Entered Level 5 of the Realm of Zot
 65525 | Zot:5    | Learned a level 2 spell: Passwall
 65531 | Zot:5    | Learned a level 5 spell: Silence
 65537 | Zot:5    | Learned a level 5 spell: Metabolic Englaciation
 65543 | Zot:5    | Learned a level 5 spell: Summon Mana Viper
 66012 | Zot:5    | Noticed an ancient lich
 66021 | Zot:5    | Killed an ancient lich
 66496 | Zot:5    | Noticed an orb of fire
 66500 | Zot:5    | Gained mutation: You are very weak. (Str -4) [an orb of
                  | fire]
 66503 | Zot:5    | Killed an orb of fire
 66624 | Zot:5    | Noticed an ancient lich
 66638 | Zot:5    | Killed an ancient lich
 66791 | Zot:5    | Noticed an ancient lich
 66803 | Zot:5    | Killed an ancient lich
 66881 | Zot:5    | Reached skill level 10 in Air Magic
 67115 | Zot:5    | Got the Orb of Zot
 67581 | D:12     | Noticed Lusaci the pandemonium lord
 67620 | D:11     | Killed Lusaci the pandemonium lord
 67759 | D:4      | Noticed Howaj the pandemonium lord
 67857 | D:$      | Escaped with the Orb!

Illustrated notes

Levels and vault maps discovered:
D:1:      dpeg_arrival_solitude, layout_basic
D:2:      layout_basic, shapermc_ecumenical_altar_totnotflames,
          minmay_lizard_king, uniq_natasha
D:3:      layout_basic, mainiacjoe_overflow_small_starburst, minivault_11,
          kennysheep_cluttered_room
D:4:      layout_loops_cross, gammafunk_temple_overflow_pools,
          kennysheep_little_box, kennysheep_orc_sif_temple, kennysheep_mini
D:5:      layout_cave_pools, nicolae_hepliaklqana_monster_ancestors,
          nicolae_ossuary_entry_false_entrances
D:6:      layout_rooms, mainiacjoe_overflow_boulevard, ebering_ghost_gozag,
          minmay_bent, uniq_edmund, uniq_jeremiah
D:7:      layout_loops_ring, mainiacjoe_overflow_alcove_2,
          lemuel_zombie_altar_yredelemnul, minmay_temple_entry_stoned_glass
D:8:      layout_cave_pools, lair_entry_dummy
D:9:      nzn_winding_woodlands_small
          [nzn_winding_woodlands_5x15_pathside_ponds,
          nzn_winding_woodlands_center_pierced_h,
          nzn_winding_woodlands_5x15_twine], layout_long_grid, erik_orc_1
D:10:     layout_roguey, general_overflow_altar, cheibrodos_ashenzari_chains,
          uniq_urug, uniq_snorg, uniq_harold
D:11:     layout_long_grid, portal_ice_cave_rime, dk_noncrumbling_4,
          nemelex_diamond_rough_becter
D:12:     minmay_connected_triangles_in_corner, layout_rooms, serial_shops,
          shop, shop, uniq_sonja, uniq_josephine
D:13:     layout_basic, gammafunk_ghost_spectres
D:14:     layout_big_octagon, david_vaults_5, serial_bayou_pond_d,
          ebering_ghost_rock_garden, vehumet_statue, uniq_kirke
D:15:     grunt_enter_depths_magical_seal, layout_irregular_city,
          minmay_misc_feat_diagonals, hangedman_abyss_or_decor_jellyfish_corner,
          uniq_rupert
Lair:1:   layout_loops_ring, serial_bayou_pond_d, minmay_lair_oklob_bushes,
          pdpol_lair_cabin_in_the_woods, uniq_amaemon
Lair:2:   layout_cellular_growth, minmay_swamp_entry_swarm,
          grunt_forest_large_clearings
Lair:3:   wad_woods_structure_01, layout_gridlike,
          hellmonk_spider_entry_not_the_bees, lemuel_centaur_altar,
          serial_bayou_shore_a
Lair:4:   layout_long_grid, nicolae_slime_entry_slimehenge, beast_lair_carwin_8,
          lemuel_fruit_fields, lemuel_fruit_fields, lemuel_fruit_tree,
          infiniplex_staircase_pool_2
Lair:5:   hangedman_lair_caniforms_friends, layout_misc_corridors,
          hangedman_lair_tendril_chambers, basic_altar
Swamp:1:  layout_basic_swamp, nicolae_swamp_some_circles
Swamp:2:  nicolae_swamp_secret_spriggan_hideout, layout_basic_swamp,
          nicolae_swamp_orc_logging_accident, swamp_pool_3
Swamp:3:  layout_basic_swamp, hellmonk_ghost_happy_afterlife,
          nicolae_swamp_round_clearing, nicolae_swamp_drake_lake
Swamp:4:  swamp_basic_johnstein, layout_basic_swamp,
          nicolae_swamp_necromancy_gone_wrong
Spider:1: layout_spider_delve
Spider:2: layout_cave_pods
Spider:3: nicolae_spider_hilbert_zone_3 [nicolae_spider_hilbert_4_sides_2_open,
          nicolae_spider_hilbert_3_sides_1_open,
          nicolae_spider_hilbert_3_sides_1_open,
          nicolae_spider_hilbert_3_sides_1_open,
          nicolae_spider_hilbert_3_sides_1_open,
          nicolae_spider_hilbert_4_sides_1_open,
          nicolae_spider_hilbert_4_sides_1_open,
          nicolae_spider_hilbert_4_sides_1_open,
          nicolae_spider_hilbert_4_sides_1_open,
          nicolae_spider_hilbert_4_sides_1_open,
          nicolae_spider_hilbert_4_sides_1_open,
          nicolae_spider_hilbert_4_sides_1_open,
          nicolae_spider_hilbert_4_sides_1_open,
          nicolae_spider_hilbert_3_sides_1_open,
          nicolae_spider_hilbert_3_sides_1_open,
          nicolae_spider_hilbert_3_sides_1_open,
          nicolae_spider_hilbert_3_sides_1_open], nicolae_spider_shape,
          uniq_mlioglotl
Spider:4: spider_rune_water, uniq_arachne, uniq_roxanne
Slime:1:  layout_caves
Slime:2:  layout_caves
Slime:3:  cheibrodos_slime_lost_civilization_1, layout_caves,
          nicolae_slime_rock_hall_of_fame, uniq_donald
Slime:4:  layout_caves, nicolae_slime_crime_time
Slime:5:  slime_pit
Orc:1:    layout_diamond_mine, serial_shops, shop
Orc:2:    st_orc_elflike, layout_diamond_mine, mines3_lemuel
Elf:1:    eino_elf_arrival_the_gate, layout_onion_city,
          nicolae_elf_crossing_hall, nicolae_elf_elemental_lessons
Elf:2:    elven_hall_of_blades_hangedman_original
          [nicolae_blade_entry_antechamber], layout_loops_corners, uniq_louise
Elf:3:    minmay_elf_hall_not_hex, layout_geoelf_castle, serial_glass,
          glass_columns_b, glass_columns_c, glass_columns_a, glass_columns_c,
          glass_columns_c, serial_shops, shop_fountains,
          nicolae_shop_back_alley_shop, nicolae_shop_tiny_glass, shop, shop,
          hangedman_glass_teeth
Vaults:1: nicolae_vaults_swerve, vaults_standard_mumra_lines,
          hangedman_vaults_capsules, nicolae_vaults_closet_pinwheel_3,
          nicolae_vaults_hexular_roomagon, nicolae_vaults_two_Ls,
          vaults_room_corners, nicolae_vaults_variable_pillar_hall, v_misc_12,
          minmay_guarded_unrand_sword_of_power, nicolae_vaults_cochlea,
          nicolae_vaults_doubleplus_tesselated, nicolae_vaults_tetromino_L_1,
          ontoclasm_vaults_pinch, nicolae_vaults_tetromino_Z_1,
          layout_vaults_omnicross
Vaults:2: nicolae_vaults_storage_closets_3, v_misc_5,
          nicolae_vaults_trapezoid_3, nicolae_vaults_trapezoid_lopsided_1,
          nicolae_vaults_heart-shaped_vault, nicolae_vaults_little_squares_6,
          v_misc_32, vaults_room_semicircle, layout_vaults_omnigrid
Vaults:3: nicolae_vaults_what_the_h, nicolae_vaults_storage_closets_1,
          nicolae_vaults_offset_grid_hallway_3, hangedman_vaults_stream,
          vaults_mumra_chevron, nicolae_vaults_closet_pinwheel_6, v_misc_3,
          nicolae_vaults_sesquioval_fish, nicolae_vaults_surprise_closet_hard,
          vaults_dpeg_emergency_exit, minmay_crypt_entry_necro_gods,
          layout_vaults_maze_snakey, uniq_bai_suzhen
Vaults:4: vaults_room_grunt_arrival_ludios, nicolae_vaults_layer_cake_slice,
          nicolae_vaults_storage_closets_2, vaults_room_door_hall,
          vaults_room_hallway, v_misc_25, vaults_dpeg_encased_lava,
          nicolae_vaults_little_squares_5, nicolae_vaults_little_squares_5,
          vaults_room_stairs_pillars, vaults_room_semicircle,
          gammafunk_sealed_arena, nicolae_vaults_diagonal_hallway_7,
          hangedman_vaults_restitches, vaults_room_pool, layout_vaults_big_room,
          uniq_saint_roka
Vaults:5: serial_shops
Crypt:1:  dreamdust_cat_pyramid, layout_misc_corridors, corner_web_ring,
          glass_columns_a
Crypt:2:  evilmike_wizard_prison, layout_misc_corridors, grunt_megastairs_5,
          uniq_josephina, uniq_sojobo
Crypt:3:  church_of_pain_bobbens, layout_chaotic_city,
          nicolae_tomb_entry_unfolded_pyramid_orthogonal
Depths:1: layout_gridlike, enter_ziggurat_a, rand_demon_pan_entry_3,
          mu_enter_wizlab_7, nicolae_dithmenos_the_darkroom,
          pf_hell_entry_tar_spiral, nrook_uturn, hangedman_abyss_or_decor_stabs,
          nicolae_twisty_statue_hallways
Depths:2: evilmike_makhleb_hellhole, layout_cave_pools,
          nicolae_hell_entry_hellmouth_sunbeams, serial_shops, bzr_entry_water,
          pan_entry, abyss_entry_crystal, kennysheep_generic_room_11,
          uniq_asterion
Depths:3: giant_chief_lemuel, layout_honeycomb, abyss_entry_flame_altar,
          minmay_misc_feat_secret_circle, hell_entry, minmay_stone_trees_medium,
          hangedman_cracks_in_the_wall, minmay_staircase_statues_hall_small,
          firewood_loft
Depths:4: evilmike_zot_entry_castle, layout_cave_shapes,
          ebering_ghost_reflecting_pool, hell_entry, serial_bayou_shore_b,
          uniq_boris
Zot:1:    layout_misc_corridors, nicolae_diode_quadrants
Zot:2:    layout_twisted_circle, skrybe_zot_glass_3, grunt_ministairs_4,
          st_stairs_5
Zot:3:    layout_misc_corridors, regret_index_zotdec_banners
Zot:4:    layout_gridlike
Zot:5:    layout_gridlike

Skill      XL: |  1  2  3  4  5  6  7  8  9 10 11 12 13 14 15 16 17 18 19 20 21 22 23 24 25 26 27 |
---------------+----------------------------------------------------------------------------------+-----
Armour         | 1 2 3 4 5 6 7 8 10 11 13 15 17 19 21 | 21.9
Fighting       | 2 3 4 5 6 7 9 10 11 13 15 17 18 20 21 22 | 22.5
Dodging        | 3 4 5 6 7 8 9 10 12 16 17 19 22 | 22.8
Spellcasting   | 1 2 3 4 5 6 7 8 10 11 12 13 14 15 16 17 18 | 18.3
Maces & Flails | 1 3 4 6 7 8 10 13 | 13.9
Translocations | 2 3 4 5 7 8 10 11 | 11.6
Shields        | 3 6 9 12 14 15 | 15.4
Evocations     | 2 5 6 7 8 |  8.5
Hexes          | 4 |  4.5
Necromancy     | 1 4 6 |  6.1
Air Magic      | 2 5 6 10 | 10.3
Summonings     | 2 4 6 9 10 | 10.4
Conjurations   | 2 8 |  8.1
Ice Magic      | 2 8 |  8.0
Unarmed Combat | |  3.2
Shapeshifting  | |  2.4

Action                     |  1- 3 |  4- 6 |  7- 9 | 10-12 | 13-15 | 16-18 | 19-21 | 22-24 | 25-27 || total
---------------------------+-------+-------+-------+-------+-------+-------+-------+-------+-------++-------
  Melee: Unarmed           |    39 |       |       |     6 |       |       |       |       |       ||    45
         Headbutt          |     7 |    16 |    82 |   172 |   491 |   482 |   389 |   271 |   651 ||  2561
         Dagger            |    31 |   112 |       |       |       |       |       |       |       ||   143
         Punch             |     1 |     3 |     1 |     7 |       |       |       |       |       ||    12
         Whip              |       |    19 |   384 |   747 |  1876 |  1827 |   458 |       |       ||  5311
         Eveningstar       |       |       |       |       |       |       |  1023 |  1009 |  2148 ||  4180
  Throw: Dart              |       |       |     1 |       |     3 |       |       |       |     1 ||     5
         Throwing net      |       |       |       |       |       |       |       |       |     1 ||     1
   Cast: Lesser Beckoning  |       |       |       |     1 |       |       |       |     3 |    47 ||    51
         Sigil of Binding  |       |       |       |       |       |       |     1 |       |       ||     1
         Dispel Undead     |       |       |       |       |       |       |     1 |       |     3 ||     4
         Summon Forest     |       |       |       |       |       |       |       |     2 |     4 ||     6
         Airstrike         |       |       |       |       |       |       |       |     2 |    16 ||    18
         Freezing Cloud    |       |       |       |       |       |       |       |       |     5 ||     5
         Frozen Ramparts   |       |       |       |       |       |       |       |       |    35 ||    35
         Silence           |       |       |       |       |       |       |       |       |     3 ||     3
         Apportation       |       |       |       |       |       |       |       |       |     1 ||     1
         Passwall          |       |       |       |       |       |       |       |       |     1 ||     1
         Metabolic Englaci |       |       |       |       |       |       |       |       |     1 ||     1
         Summon Mana Viper |       |       |       |       |       |       |       |       |     1 ||     1
 Invoke: Curse Item        |       |     2 |     4 |     6 |     2 |     1 |     1 |     2 |     2 ||    20
         Shatter the Chain |       |       |       |     4 |     1 |       |     1 |     2 |     2 ||    10
Ability: Begin Untransform |       |     1 |       |       |       |       |       |       |       ||     1
  Evoke: Wand              |       |     6 |     1 |    15 |     7 |     8 |       |     7 |    28 ||    72
         Lightning rod     |       |       |       |       |     9 |     1 |    12 |       |       ||    22
         Phial of floods   |       |       |       |       |     1 |       |     2 |       |       ||     3
         Tin of tremorston |       |       |       |       |       |       |       |       |     7 ||     7
    Use: Scroll            |     1 |     8 |     4 |     5 |     9 |    10 |     9 |     8 |    41 ||    95
         Potion            |       |     7 |     5 |     3 |     6 |     6 |     5 |     4 |    42 ||    78
   Stab: Sleeping          |     1 |       |       |       |       |       |       |       |       ||     1
         Paralysed         |       |       |       |     8 |    10 |       |       |     2 |       ||    20
         Invisible         |       |       |       |       |     3 |       |       |       |       ||     3
         Distracted        |       |       |       |       |     1 |       |       |     1 |     2 ||     4
         Petrified         |       |       |       |       |     2 |       |       |       |       ||     2
         Held in net/web   |       |       |       |       |       |       |       |       |     1 ||     1
 Armour: Animal skin       |    20 |    24 |       |       |       |       |       |       |       ||    44
         Skin              |     7 |    70 |    81 |     4 |       |       |       |       |       ||   162
         Ring mail         |       |    49 |   182 |   142 |       |       |       |       |       ||   373
         Chain mail        |       |       |       |   179 |   452 |   847 |   782 |   600 |  1621 ||  4481
  Dodge: Dodged            |    35 |    76 |   150 |   421 |   823 |  1101 |  1056 |   809 |  1587 ||  6058
         Repelled          |       |       |       |     4 |     9 |    23 |     9 |    24 |       ||    69
  Block: Buckler           |       |       |    22 |    58 |       |       |       |       |       ||    80
         Kite shield       |       |       |       |    63 |   923 |  1127 |  1088 |   704 |  1540 ||  5445

Table legend: (Time is in decaauts)
 A = Elapsed time spent in this place.
 B = Non-inter-level travel time spent in this place.
 C = Inter-level travel time spent in this place.
 D = Time resting spent in this place.
 E = Time spent auto-exploring this place.
 F = Levels seen in this place.
 G = Mean time per level.
                   A        B        C        D        E       F      G
               +--------+--------+--------+--------+--------+-----+--------+
         Total |  66506 |  60377 |   6129 |   5511 |  35122 |  71 |  936.7 |
       Dungeon |  16675 |  14456 |   2219 |   1365 |  10231 |  15 | 1111.7 |
          Lair |   5643 |   4841 |    802 |     35 |   3564 |   5 | 1128.6 |
         Swamp |   3543 |   3345 |    198 |    135 |   2056 |   4 |  885.8 |
   Spider Nest |   4938 |   4729 |    209 |     72 |   3607 |   4 | 1234.5 |
    Slime Pits |   2569 |   2430 |    139 |    495 |    283 |   5 |  513.8 |
  Orcish Mines |   1387 |   1115 |    272 |     40 |    727 |   2 |  693.5 |
   Elven Halls |   3791 |   3627 |    164 |    255 |   2427 |   3 | 1263.7 |
        Vaults |   7933 |   7258 |    675 |    894 |   3672 |   5 | 1586.6 |
         Crypt |   4186 |   4025 |    161 |    357 |   2193 |   3 | 1395.3 |
        Depths |   7448 |   6295 |   1153 |    446 |   3890 |   4 | 1862.0 |
           Zot |   5038 |   4906 |    132 |    612 |   1587 |   5 | 1007.6 |
         Abyss |    853 |    853 |      0 |     78 |      0 |   7 |  121.9 |
      Ziggurat |    270 |    270 |      0 |     89 |      0 |   5 |   54.0 |
        Bazaar |     80 |     80 |      0 |      0 |     22 |   1 |   80.0 |
       Ossuary |    383 |    383 |      0 |      0 |    252 |   1 |  383.0 |
      Ice Cave |   1515 |   1515 |      0 |    635 |    504 |   1 | 1515.0 |
        Wizlab |    247 |    247 |      0 |      0 |    106 |   1 |  247.0 |
               +--------+--------+--------+--------+--------+-----+--------+

Top non-repeatable levels by time:
Vaults:5: 2214 daAuts
Depths:4: 2136 daAuts
Depths:3: 1939 daAuts
     D:9: 1853 daAuts
   Zot:5: 1797 daAuts
Depths:2: 1795 daAuts
Spider:4: 1784 daAuts
Vaults:4: 1777 daAuts
Vaults:3: 1752 daAuts
Spider:3: 1731 daAuts
  Lair:3: 1706 daAuts
Depths:1: 1577 daAuts
   Elf:3: 1560 daAuts
    D:14: 1535 daAuts
   IceCv: 1515 daAuts
